[Event "*** Titled Tuesday Blitz"]
[Site "Chess.com"]
[Date "2020.05.19"]
[Round "2"]
[White "TheCavemanChesss"]
[Black "Hangar-18"]
[Result "0-1"]
[WhiteElo "2540"]
[BlackElo "2319"]
[TimeControl "180+1"]
[EndTime "12:19:13 PDT"]
[Termination "Hangar-18 won by resignation"]

1. e4 d5 2. exd5 Qxd5 3. Nc3 Qa5 4. d4 Nf6 5. Nf3 Bg4 6. Bc4 Qh5 7. Nb5 Na6 8. Bf4 c6 9. Nc3 e6 10. Bxa6 bxa6 11.
Qd3 Bb4 12. Ne5 Nd5 13. Bd2 O-O 14. Nxc6 Rac8 15. Nxd5 Qxd5 16. Nxb4 Qxg2 17. Rf1 a5 18. Na6 Rfd8 19. f3 Bh3 20. O-O-O Bf5 21. Nc5 Rxc5 22.
dxc5 Bxd3 23. cxd3 Qxh2 24. Bc3 e5 25. Rh1 Qf4+ 26.
Kc2 Qxf3 27. Bxe5 f6 28. Bc3 Qg2+ 29. Kc1 a4 30. a3 Qd5 31. Rhg1 Qxc5 32. Kb1 Kf7 33. Rg4 Qf5 34. Rxa4 Rxd3 35. Rxd3 Qxd3+ 36. Ka2 a6 37. Ra5 Qc4+ 38. Kb1 h5 39. Rxh5 Qd3+ 40. Ka2 Qc4+ 41. Ka1 g6 42. Rh7+ Ke6 43. Rh1 g5 44. Re1+ Kf5 45. Kb1 g4 46. Kc2 g3 47. Rg1 Kg4 48. Kd2 f5 49. Ke1 f4 50. Rh1 Qe4+ 51.
Kd2 Qxh1 0-1

[Event "*** Titled Tuesday Blitz"]
[Site "Chess.com"]
[Date "2020.05.19"]
[Round "2"]
[White "DivyaDeshmukh23"]
[Black "OparinGrigoriy"]
[Result "0-1"]
[WhiteElo "2456"]
[BlackElo "2904"]
[TimeControl "180+1"]
[EndTime "12:19:14 PDT"]
[Termination "OparinGrigoriy won by checkmate"]

1. e4 c6 2. d4 d5 3. Nd2 dxe4 4. Nxe4 Nf6 5. Nxf6+ exf6 6. Nf3 Bd6 7. Be2 O-O 8.
O-O Re8 9. h3 Bf5 10. Be3 Nd7 11. c3 Nf8 12. Bd3 Be6 13. Re1 Qd7 14. Bf1 Ng6 15.
Qd2 Bd5 16. Be2 f5 17. Qd1 h6 18. c4 Be6 19. Bd2 Rad8 20. Bc3 Be7 21. Bf1 Bf6 22. Qa4 Qc7 23. Rac1 Bd7 24. Qa3 Nf4 25. Ba5 b6 26.
Bd2 Ne6 27. d5 Nc5 28. Be3 Ne4 29. Nd2 Qb7 30. Nxe4 fxe4 31. d6 c5 32. b4 cxb4 33. Qxb4 Rb8 34. c5 bxc5 35. Qxc5 Rec8 36. Qxa7 Qxa7 37.
Bxa7 Ra8 38. Rxc8+ Bxc8 39. Bb6 Rxa2 40. Rxe4 Bd7 41.
Rc4 Rd2 42. Bc5 Rd1 43. Rb4 Be5 44. Rb7 Be6 45. g3 Bc4 46. Kh2 Rxf1 47. d7 Rd1 48.
Ra7 Kh7 49. Bb6 Bd5 50. d8=Q Rh1# 0-1

[Event "*** Titled Tuesday Blitz"]
[Site "Chess.com"]
[Date "2020.05.19"]
[Round "2"]
[White "Nikolaj_6"]
[Black "wonderfultime"]
[Result "0-1"]
[WhiteElo "2574"]
[BlackElo "3007"]
[TimeControl "180+1"]
[EndTime "12:19:15 PDT"]
[Termination "wonderfultime won by resignation"]

1. e4 c5 2. Nf3 Nf6 3. e5 Nd5 4. g3 Nc6 5. Bg2 g6 6. O-O Bg7 7. Re1 O-O 8. Nc3 Nc7 9. d3 Ne6 10. Nd5 b6 11. c3 Bb7 12. Nf4 Qc7 13. d4 cxd4 14. cxd4 Nb4 15. d5 Nxf4 16. d6 exd6 17. exd6 Qc2 18. Bxf4 Rfe8 19. Rxe8+ Rxe8 20. Qxc2 Nxc2 21. Rc1 Bxf3 22. Bxf3 Nd4 23. Kg2 Ne6 24. Be3 Bxb2 25.
Rd1 Ba3 26. Bb7 Bc5 27. Bh6 Ng7 28. Bxg7 Kxg7 29. Ba6 Re6 30. Bb5 Rf6 31. Rd2 Bb4 32. Rd3 Bxd6 33. Bxd7 Bc5 34. f4 g5 35. f5 h5 36. Kf3 a6 37. g4 hxg4+ 38. Kxg4 Rh6 39.
Kxg5 f6+ 40. Kg4 Rxh2 41. Be6 Rg2+ 42. Kf3 Rf2+ 43. Ke4 Kh6 44. Rh3+ Kg5 45. Rg3+ Kh4 46. Rg6 Re2+ 47. Kf3 Re3+ 48. Kf4 Kh3 49. Rh6+ Kg2 50.
Rg6+ Kf2 51. Rxf6 Bd6+ 52. Kg4 Rg3+ 53. Kh4 Be7 0-1

[Event "*** Titled Tuesday Blitz"]
[Site "Chess.com"]
[Date "2020.05.19"]
[Round "2"]
[White "LizaSolovyova"]
[Black "Jumbo"]
[Result "0-1"]
[WhiteElo "2544"]
[BlackElo "2876"]
[TimeControl "180+1"]
[EndTime "12:19:15 PDT"]
[Termination "Jumbo won on time"]

1. d4 g6 2. c4 Bg7 3. Nc3 d6 4. e3 Nd7 5. Be2 e5 6. h4 h5 7.
Nf3 Nh6 8. d5 a5 9. e4 Nc5 10.
Be3 Ng4 11. Bxc5 dxc5 12. Ng5 Bh6 13. Bxg4 Bxg4 14. f3 Bd7 15. d6 c6 16. f4 f6 17. Nf3 Bxf4 18. O-O O-O 19. Qb3 b6 20. Na4 Rb8 21. Rad1 Kg7 22. Ne1 Bg4 23. Nf3 Rf7 24.
Qd3 Rd7 25. a3 Qf8 26. b3 Qf7 27. Rf2 Qe6 28. Rff1 Kh7 29. Rf2 Rbd8 30. Nxb6 Rxd6 31. Nd5 cxd5 32. cxd5 Qe7 33. Qc4 Rb6 34. Rc2 Rdb8 35. Rd3 Rc8 36. Rdc3 Bd7 37. Qd3 Kg7 38. Qd1 Qd6 39.
a4 Rcb8 40. Qd3 Rb4 41. Rxc5 Rxb3 42. R5c3 Qb6+ 43. Kf1 Rxc3 44. Qxc3 Bxa4 45. Qc7+ Kh6 46. Qxb6 Rxb6 47. Ra2 Bb5+ 48. Kf2 a4 49. g3 Bc1 50.
Rc2 Ba3 51. Nd2 Bb4 52. Nc4 Bxc4 53. Rxc4 a3 54. Rc8 Ra6 0-1

[Event "*** Titled Tuesday Blitz"]
[Site "Chess.com"]
[Date "2020.05.19"]
[Round "2"]
[White "AnthonyWirig"]
[Black "adricalderon8"]
[Result "1-0"]
[WhiteElo "2664"]
[BlackElo "2420"]
[TimeControl "180+1"]
[EndTime "12:19:15 PDT"]
[Termination "AnthonyWirig won by resignation"]

1. d4 Nf6 2. Bg5 Ne4 3. Bf4 e6 4. Nd2 d5 5. Nxe4 dxe4 6. e3 c5 7. c3 cxd4 8. exd4 Nc6 9. f3 Qd5 10. Qc2 e5 11. fxe4 Qa5 12. dxe5 Be6 13. Nf3 O-O-O 14.
Be2 Qb6 15. h4 Bc5 16. g3 h6 17. h5 g5 18. hxg6 fxg6 19. Rd1 g5 20. Rxd8+ Rxd8 21. Rxh6 gxf4 22. Rxe6 fxg3 23. Rg6 Bf2+ 24. Kf1 Kb8 25. Kg2 Rh8 26. Bc4 Bg1 27. Rg8+ Rxg8 28. Bxg8 Bf2 29.
Bd5 Qe3 30. Qd2 Qxd2 31. Nxd2 Nxe5 32. Nf1 Nd3 33. b4 Nf4+ 34. Kf3 g2 35. Kxf2 gxf1=Q+ 36. Kxf1 Kc7 37. Bc4 Kd6 38. Kf2 Ke5 39. Ke3 Ng2+ 40.
Kf3 Ne1+ 41. Ke2 Nc2 42. Bd5 b6 43. Kd2 Na3 44. Kd3 Nb5 45. a4 Nd6 46. c4 a5 47. c5 Nc8 48. bxa5 bxa5 49. Kc4 Na7 50. Bb7 Ke6 51. Kd4 Ke7 52. Kd5 Kd7 53. e5 Kc7 54. c6 Kd8 55. Kd6 Ke8 56. c7 1-0

[Event "*** Titled Tuesday Blitz"]
[Site "Chess.com"]
[Date "2020.05.19"]
[Round "2"]
[White "Buffy7"]
[Black "Elbek_Jumanov"]
[Result "1/2-1/2"]
[WhiteElo "2643"]
[BlackElo "2413"]
[TimeControl "180+1"]
[EndTime "12:19:15 PDT"]
[Termination "Game drawn by repetition"]

1. d4 Nf6 2. Nf3 g6 3. c4 c5 4. d5 b5 5. cxb5 a6 6. bxa6 d6 7. Nc3 Bxa6 8. g3 Nbd7 9. e4 Bxf1 10. Kxf1 Bg7 11. Kg2 O-O 12. Qc2 Qa5 13. Bd2 Rfb8 14. a4 Qa6 15. Rhc1 Nb6 16. b3 Nfd7 17. Ra3 Ne5 18.
Nxe5 Bxe5 19. Nb5 Nxd5 20. exd5 Rxb5 21. Qe4 Rb7 22. Bc3 Bxc3 23. Rxc3 Rab8 24. h4 Qa5 25. Re3 Qd2 26. a5 Qb2 27. Ra4 Rxb3 28. Qxe7 Rxe3 29. Qxe3 Qc2 30. Rf4 Qa2 31. Qf3 Rf8 32.
h5 Qxa5 33. h6 Qa1 34. Rf6 Qe5 35. Rf4 f5 36. Ra4 Rc8 37. Kh2 c4 38. Ra7 c3 39. Rg7+ Kh8 40. Qd3 c2 41. f4 Qxg7 42. hxg7+ Kxg7 43. Qd4+ Kg8 44. Qf6 c1=Q 45. Qe6+ Kg7 46.
Qe7+ Kh6 47. Qg5+ Kg7 48. Qe7+ Kg8 49. Qe6+ Kf8 50. Qf6+ Kg8 51. Qe6+ 1/2-1/2

[Event "*** Titled Tuesday Blitz"]
[Site "Chess.com"]
[Date "2020.05.19"]
[Round "2"]
[White "GukeshDommaraju"]
[Black "wanyaland"]
[Result "1-0"]
[WhiteElo "2687"]
[BlackElo "2326"]
[TimeControl "180+1"]
[EndTime "12:19:15 PDT"]
[Termination "GukeshDommaraju won by resignation"]

1. e4 c5 2. Nf3 d6 3. d4 cxd4 4. Nxd4 Nf6 5. Nc3 a6 6. Be2 e5 7.
Nb3 Be6 8. O-O Nbd7 9. a4 Rc8 10.
Be3 Rxc3 11. bxc3 Nxe4 12. Bf3 Ndf6 13. Qd3 d5 14. Bxe4 dxe4 15. Qxd8+ Kxd8 16. Na5 Kc7 17. Rab1 Bc8 18. Bb6+ Kb8 19. Rfd1 Nd7 20. Be3 Kc7 21. Nxb7 Bxb7 22. Rxb7+ Kxb7 23. Rxd7+ Kc6 24. Rxf7 Bc5 25. Bxc5 Kxc5 26. Rxg7 Rd8 27. Kf1 Rd2 28. Rxh7 Rxc2 29. Rc7+ Kd5 30. h4 e3 31. fxe3 Ke4 32. Rc5 Ra2 33.
a5 Kf5 34. h5 Ra1+ 35. Kf2 Rh1 36. Kf3 Rf1+ 37. Kg3 Re1 38. Kf2 Rh1 39. Rc6 Rxh5 40. Rxa6 Ke4 41. Rb6 Rh1 42. a6 Ra1 43. c4 Ra2+ 44. Kg3 Kxe3 45. c5 Kd4 46. c6 Kc5 47. c7 Kxb6 48. c8=Q Rxa6 49. Qb8+ Kc6 50. Qxe5 Ra3+ 51.
Kf4 Ra6 52. Qe6+ Kb5 53. Qxa6+ Kxa6 54. g4 Kb7 55. g5 1-0

[Event "*** Titled Tuesday Blitz"]
[Site "Chess.com"]
[Date "2020.05.19"]
[Round "2"]
[White "zacachess"]
[Black "Baronessa08"]
[Result "0-1"]
[WhiteElo "2224"]
[BlackElo "2449"]
[TimeControl "180+1"]
[EndTime "12:19:15 PDT"]
[Termination "Baronessa08 won on time"]

1. e4 e6 2. d4 d5 3. Nd2 c5 4. exd5 exd5 5. Ngf3 Nc6 6. Bb5 Bd7 7.
O-O cxd4 8. Re1+ Be7 9. Nb3 Nf6 10. Nfxd4 O-O 11. c3 Ne4 12. Bd3 Nxd4 13. Nxd4 Bc6 14.
f3 Nf6 15. Be3 Re8 16. Bf2 Qc7 17. Bg3 Bd6 18. Bxd6 Qxd6 19. Qd2 g6 20. Rxe8+ Rxe8 21. Re1 Rxe1+ 22. Qxe1 Qf4 23. g3 Qd6 24. Kg2 Kg7 25. Qd2 Bd7 26. Qg5 h6 27. Qe3 h5 28. Bb5 Bc8 29. Qg5 a6 30. Bd3 Qe7 31. Bf5 Bd7 32.
Bxd7 Qxd7 33. h4 Ne8 34. Qe5+ f6 35. Qb8 Nd6 36. b3 Nf7 37. a4 Ne5 38. f4 Ng4 39. a5 Ne3+ 40. Kf2 Nd1+ 41. Ke1 Nxc3 42. Qa7 Ne4 43. Ke2 Nxg3+ 44. Kf3 Ne4 45. Qb6 Kf7 46. b4 Nd6 47. b5 axb5 48. a6 bxa6 49. Qxa6 b4 50.
Qd3 Ne4 51. Qb5 Qg4+ 0-1

[Event "*** Titled Tuesday Blitz"]
[Site "Chess.com"]
[Date "2020.05.19"]
[Round "2"]
[White "AverageRecord"]
[Black "Kildepiotr"]
[Result "0-1"]
[WhiteElo "2940"]
[BlackElo "2576"]
[TimeControl "180+1"]
[EndTime "12:19:16 PDT"]
[Termination "Kildepiotr won by checkmate"]

1. d4 Nf6 2. Nf3 e6 3. Bf4 c5 4. c3 b6 5. e3 Bb7 6. Nbd2 d5 7. Ne5 Nfd7 8. Bb5 a6 9. Ba4 b5 10. Bc2 Nxe5 11. Bxe5 Nd7 12. Bg3 Be7 13. O-O O-O 14.
a4 c4 15. e4 b4 16. exd5 Bxd5 17. Qe2 Rc8 18. Rae1 Qa5 19. Ne4 b3 20. Bb1 Qxa4 21. f4 f5 22. Ng5 Rc6 23. Bf2 h6 24. Nf3 Bd6 25. Ne5 Bxe5 26. fxe5 Qa5 27. g4 f4 28. g5 f3 29. Qe3 Qd8 30. gxh6 g5 31. h4 Kh8 32. hxg5 Rg8 33. Bh4 Nf8 34. Rxf3 Bxf3 35. Qxf3 Rc7 36. Qf6+ Qxf6 37. exf6 a5 38. Kh2 a4 39. Bg3 Rf7 40. Bf4 a3 41. bxa3 Ng6 42.
Bxg6 Rxg6 43. Rxe6 Rb7 44. Be5 Rf7 45. Re8+ Kh7 46.
Rb8 Rxg5 47. Kh3 Kxh6 48. Rb4 Kg6 49. Rxc4 Rh7# 0-1

[Event "*** Titled Tuesday Blitz"]
[Site "Chess.com"]
[Date "2020.05.19"]
[Round "2"]
[White "Indianlad"]
[Black "TST2014"]
[Result "1-0"]
[WhiteElo "2947"]
[BlackElo "2560"]
[TimeControl "180+1"]
[EndTime "12:19:16 PDT"]
[Termination "Indianlad won on time"]

1. e4 c5 2. Nf3 Nc6 3. Bb5 g6 4.
O-O Bg7 5. Re1 Nf6 6. c3 O-O 7. e5 Nd5 8. Qb3 Nc7 9. Bf1 d6 10. exd6 Qxd6 11. d3 b6 12. Nbd2 Bb7 13. Nc4 Qd5 14.
Bf4 Ne6 15. Bg3 Rad8 16. a4 h6 17. h4 f5 18. a5 f4 19. Bh2 g5 20. hxg5 hxg5 21.
axb6 axb6 22. Qxb6 Rb8 23. Rxe6 Qxe6 24. Qxc5 Rf5 25.
Re1 Qf6 26. Qa3 g4 27. Nfd2 Rh5 28. Be2 Qh4 29. Nf1 Ne5 30. Nxe5 Bxe5 31. Qa2+ Kg7 32.
Qe6 Bc8 33. Qc4 Bf5 34. g3 fxg3 35. fxg3 Bxg3 36. Bxg3 Qh1+ 37. Kf2 Rf8 38. Ke3 Qg1+ 39. Kd2 Rh3 40. Be5+ Kg6 41. Ne3 Qf2 42. Nxf5 Rxf5 43. Qxg4+ Rg5 44. Qxh3 Rxe5 45. Qg4+ Kf6 46. Rf1 Rxe2+ 47.
Qxe2 Qxf1 48. Qxf1+ 1-0

[Event "*** Titled Tuesday Blitz"]
[Site "Chess.com"]
[Date "2020.05.19"]
[Round "2"]
[White "AlexTriapishko"]
[Black "florianschwabeneder"]
[Result "0-1"]
[WhiteElo "2727"]
[BlackElo "2514"]
[TimeControl "180+1"]
[EndTime "12:19:16 PDT"]
[Termination "florianschwabeneder won on time"]

1. e4 c5 2. Nf3 d6 3. d4 cxd4 4. Nxd4 Nf6 5. Nc3 a6 6. h3 Nc6 7. g4 e6 8. g5 Nd7 9. h4 Qc7 10. Be3 b5 11. Bg2 Bb7 12. O-O Be7 13. f4 Nxd4 14. Qxd4 e5 15. Qd2 exf4 16. Bd4 Ne5 17. Qxf4 O-O 18. Rf2 f6 19. Qg3 fxg5 20. hxg5 Rxf2 21.
Bxf2 b4 22. Nd5 Bxd5 23. exd5 Qxc2 24. Bd4 Rf8 25. Re1 Qd2 26. Qe3 Bxg5 27. Qxd2 Bxd2 28. Re2 Bf4 29. Rc2 Nd3 30. Bh3 Be5 31. Be6+ Kh8 32. Be3 Nxb2 33. Rc6 a5 34. Ra6 Nc4 35. Bf2 g6 36.
Kg2 Rb8 37. Bg1 b3 38. axb3 Rxb3 39. Ra7 h5 40. Rf7 g5 41. Rf5 Ne3+ 0-1

[Event "*** Titled Tuesday Blitz"]
[Site "Chess.com"]
[Date "2020.05.19"]
[Round "2"]
[White "BabyBoss31"]
[Black "Paul66666"]
[Result "1-0"]
[WhiteElo "2333"]
[BlackElo "2609"]
[TimeControl "180+1"]
[EndTime "12:19:16 PDT"]
[Termination "BabyBoss31 won by resignation"]

1. d4 Nf6 2. c4 g6 3. Nc3 Bg7 4.
e4 O-O 5. Nf3 d6 6. h3 e5 7. d5 Na6 8. Bg5 h6 9. Be3 Nh5 10. Nh2 Nf4 11. Qd2 f5 12. g3 fxe4 13. gxf4 exf4 14. Bxf4 g5 15. Be3 Nc5 16. Ng4 Qe7 17.
O-O-O Bf5 18. Bxc5 dxc5 19. Ne3 Bh7 20. Bg2 b5 21.
cxb5 a6 22. b6 Rab8 23. d6 cxd6 24. Qxd6 Qe8 25. Qd5+ Kh8 26. Bxe4 Bg8 27. Qc6 Qe5 28. Qc7 Qf6 29. Ned5 Bxd5 30. Bxd5 Rxb6 31. Bb3 c4 32. Qxc4 Rc6 33. Qd3 Rfc8 34. Bc2 Kg8 35. Qd5+ Kh8 36. Rd3 Qf4+ 37. Kd1 Rb6 38. Na4 Rf6 39. Rf1 Rcf8 40. f3 Qb4 41. Qb3 Qe7 42. Re3 Qd6+ 43. Kc1 Qh2 44. Qc4 Qg3 45. Qe4 Rf5 46. Qxf5 Rxf5 47.
Bxf5 Qf4 48. Re1 g4 49. Bxg4 Be5 50. Nc3 Bd4 51. Kd2 Bxe3+ 52. Rxe3 Qd4+ 53. Rd3 Qe5 54. Ne2 Qf4+ 55. Nxf4 Kg7 56. Rd6 h5 57. Nxh5+ Kf8 58. Rxa6 Ke7 59. b4 Kd8 60. a4 1-0

[Event "*** Titled Tuesday Blitz"]
[Site "Chess.com"]
[Date "2020.05.19"]
[Round "2"]
[White "SCIM"]
[Black "Mirzaad786"]
[Result "1/2-1/2"]
[WhiteElo "2540"]
[BlackElo "2255"]
[TimeControl "180+1"]
[EndTime "12:19:17 PDT"]
[Termination "Game drawn by repetition"]

1. d4 d5 2. c4 c6 3. Nf3 Nf6 4. e3 Bf5 5. Nc3 e6 6. Nh4 Bg6 7. Qb3 b6 8. Nxg6 hxg6 9. cxd5 exd5 10. g3 Bd6 11. Bg2 Nbd7 12. O-O O-O 13. e4 dxe4 14. Nxe4 Nxe4 15. Bxe4 Rc8 16. Bxg6 c5 17. Bb1 cxd4 18. Qd3 g6 19. Qxd4 Be5 20. Qd5 Rxc1 21. Rxc1 Bxb2 22.
Bxg6 Bxa1 23. Rxa1 Nf6 24. Qxd8 Rxd8 25. Bf5 Rd2 26. a4 Nd5 27. h4 Kg7 28. Be4 Nc3 29. Bf3 Ra2 30. Rxa2 Nxa2 31. g4 Nc3 32. Bc6 a6 33.
Kg2 b5 34. axb5 axb5 35. Bd7 b4 36. Bf5 b3 37. f4 b2 38. Kf3 b1=Q 39. Bxb1 Nxb1 40.
Ke4 Nd2+ 41. Kf5 Nf3 42. h5 f6 43. h6+ Kf7 44. Ke4 Nh4 45. f5 Ng6 46. h7 Nh8 47. Kd5 Kg7 48. Ke6 Nf7 49. Ke7 Nh8 50. Ke6 Nf7 51. Ke7 Nh8 52. Ke6 1/2-1/2

[Event "*** Titled Tuesday Blitz"]
[Site "Chess.com"]
[Date "2020.05.19"]
[Round "2"]
[White "LionTheLeon_06"]
[Black "14Sokol88"]
[Result "1-0"]
[WhiteElo "2664"]
[BlackElo "2422"]
[TimeControl "180+1"]
[EndTime "12:19:18 PDT"]
[Termination "LionTheLeon_06 won on time"]

1. d4 Nf6 2. c4 d6 3. Nf3 Bf5 4. Nc3 g6 5. Bf4 Bg7 6. e3 O-O 7. Be2 Ne4 8. Nxe4 Bxe4 9. O-O Nc6 10. d5 Bxf3 11. Bxf3 Ne5 12. Be2 c6 13. e4 a5 14. Be3 Nd7 15. Qd2 Nc5 16. f3 a4 17.
Rac1 Qa5 18. Qc2 Rfc8 19. Kh1 Na6 20. Qb1 Qb4 21. Rc2 Nc5 22. Rd1 Rab8 23. Bd2 Qb6 24. Be3 Qb4 25. Qc1 Ra8 26. Bd2 Qb6 27. Be3 Qb4 28. Bd2 Qb6 29. Bc3 Bxc3 30. Rxc3 Qa5 31.
Qc2 Qb4 32. Bf1 Nd7 33. a3 Qa5 34. Re1 Rc7 35. g3 Rac8 36. Kg2 Nf6 37. Bd3 Nd7 38. f4 Nc5 39. Bf1 Nb3 40. h4 cxd5 41.
exd5 b5 42. cxb5 Rxc3 43. bxc3 Rxc3 44. Qd1 Qc7 45. Re2 Rc1 46. Qd3 Nc5 47. Qe3 Kf8 48.
Qxc1 Qb7 49. Qe3 1-0

[Event "*** Titled Tuesday Blitz"]
[Site "Chess.com"]
[Date "2020.05.19"]
[Round "2"]
[White "827883"]
[Black "Marty435"]
[Result "0-1"]
[WhiteElo "2186"]
[BlackElo "2422"]
[TimeControl "180+1"]
[EndTime "12:19:18 PDT"]
[Termination "Marty435 won by resignation"]

1. e4 c6 2. c4 d5 3. cxd5 cxd5 4. exd5 Nf6 5. Qa4+ Nbd7 6. Nc3 g6 7. Bc4 Bg7 8. Nf3 O-O 9. d3 Nb6 10. Qb3 Qd6 11.
O-O Bg4 12. Nb5 Qd8 13. Ne5 Bf5 14. d6 Nxc4 15. Nxc4 Be6 16. Bf4 Nd5 17. dxe7 Nxe7 18. Rad1 Nd5 19. Bg3 a6 20. Nbd6 b5 21. Nd2 Ne3 22.
Qa3 Nxd1 23. Rxd1 Qd7 24. N2e4 Rfd8 25. Nc5 Qe7 26. Nxe6 Qxe6 27. h3 Be5 28. Bxe5 Qxe5 29. Ne4 Rd4 30. Qc3 Rad8 31. Nc5 R4d5 32. Qxe5 Rxe5 33.
Nxa6 Re2 34. b4 Rxa2 35. Nc5 Rb2 36. Na6 Rd6 37. Nc7 Rxb4 38. Kh2 Rb3 39. d4 Kf8 40. d5 b4 41. Na6 Rxa6 42. d6 Ke8 43. h4 Kd7 44. g3 Rxd6 45. Kh3 Rxd1 46. Kg4 Rbd3 47. f4 b3 48. Kg5 b2 49. Kh6 b1=Q 50. g4 Rd5 51. f5 Rxf5 52. g5 Qe4 53. h5 Qh4 54. Kg7 Qxg5 55. h6 Qxh6+ 56. Kxh6 Rh5+ 57. Kg7 f5 58. Kg8 f4 59. Kh8 f3 60. Kg7 f2 61.
Kg8 f1=Q 62. Kg7 Rdd5 63. Kg8 Rdf5 64. Kg7 Rf7+ 65. Kh8 Qf6+ 0-1

[Event "*** Titled Tuesday Blitz"]
[Site "Chess.com"]
[Date "2020.05.19"]
[Round "2"]
[White "vyprd"]
[Black "Filip_Covic"]
[Result "0-1"]
[WhiteElo "2188"]
[BlackElo "2422"]
[TimeControl "180+1"]
[EndTime "12:19:19 PDT"]
[Termination "Filip_Covic won by checkmate"]

1. e4 c5 2. Nf3 Nc6 3. d4 cxd4 4. Nxd4 g6 5. Nc3 Bg7 6. Be3 Nf6 7. Bc4 O-O 8. Bb3 d6 9. h3 Bd7 10. O-O Na5 11.
Re1 Nxb3 12. axb3 a6 13. Bg5 b5 14. Nd5 Nxd5 15. exd5 Re8 16. b4 Qb6 17. c3 Bf6 18. Bxf6 exf6 19. Qf3 Kg7 20. h4 Re5 21. Rad1 Rae8 22.
Nc2 h5 23. Rxe5 fxe5 24. Ra1 Bc8 25. Qe3 Qxe3 26. Nxe3 Bb7 27. g3 f5 28. b3 f4 29.
gxf4 exf4 30. Ng2 Bxd5 31. Rxa6 Bxb3 32. Nxf4 Rf8 33. Nh3 Rf3 34. Ng5 Rxc3 35. Rxd6 Rc4 36. Rd7+ Kf6 37. Rf7+ Ke5 38. Nf3+ Ke6 39. Ng5+ Ke5 40.
Nf3+ Kd5 41. Rf6 Rg4+ 42. Kh2 Bd1 43. Nd2 Rxh4+ 44. Kg3 Rg4+ 45. Kh3 Rd4 46. Nf1 Bg4+ 47. Kg3 Bf5 48. Ne3+ Ke5 49. Rb6 Rxb4 50. f4+ Ke4 51. Nxf5 Kxf5 52. Rd6 Rb3+ 53. Kh4 Kxf4 54. Rf6+ Ke5 55. Rxg6 b4 56. Kxh5 Rb1 57. Rg5+ Kf4 58. Rg4+ Kf3 59. Rh4 b3 60. Rh3+ Kg2 61. Rh4 Rh1 62.
Kg4 Rxh4+ 63. Kxh4 b2 64. Kg5 b1=Q 65. Kf4 Qd3 66. Ke5 Kf3 67. Ke6 Qe4+ 68. Kf6 Kf4 69. Kf7 Qf5+ 70. Ke7 Ke5 71. Kd8 Qh7 72. Kc8 Kd6 73.
Kb8 Kc6 74. Ka8 Qb7# 0-1

[Event "*** Titled Tuesday Blitz"]
[Site "Chess.com"]
[Date "2020.05.19"]
[Round "2"]
[White "praveenb2002"]
[Black "lolo9292"]
[Result "0-1"]
[WhiteElo "2715"]
[BlackElo "2503"]
[TimeControl "180+1"]
[EndTime "12:19:20 PDT"]
[Termination "lolo9292 won by checkmate"]

1. d4 Nf6 2. c4 g6 3. Nc3 d6 4.
g3 Bg7 5. Bg2 O-O 6. Nf3 Bf5 7.
O-O Ne4 8. Nxe4 Bxe4 9. Bh3 Bxf3 10. exf3 e6 11. Be3 c6 12. Rc1 d5 13. b3 Nd7 14. Qc2 Rc8 15. Rfd1 Nb6 16. a4 Nd7 17. Qd2 Re8 18. Rc2 Nb6 19. a5 Nd7 20. Rdc1 a6 21. f4 f5 22. f3 Nf6 23. Bf2 Re7 24.
Bf1 Qd7 25. h4 h5 26. Qb4 Bf8 27. Qc3 Ree8 28. Re2 Bd6 29. Rce1 Bc7 30. Be3 Kf7 31. Bd2 Qd6 32. Re3 Re7 33. Qa1 Rd8 34. Bc3 Rde8 35. Qa4 Qd8 36. Bb4 Bd6 37. Bc3 c5 38. Kg2 Rc7 39.
Bd3 Ree7 40. R3e2 Qd7 41. Qa1 Ne8 42. dxc5 Bxc5 43. cxd5 exd5 44. Be5 Rc6 45. Rd1 Nc7 46. Bxc7 Rxc7 47. Qh8 Rc8 48. Qh7+ Kf6 49. Qh6 Rxe2+ 50. Bxe2 Qe6 51. Bd3 Qe3 52. Qg5+ Kf7 53. Bxf5 Qe2+ 54. Kh3 gxf5 55. Qxf5+ Kg7 56. Qg5+ Kf8 57. Qf5+ Ke7 58. Qg5+ Kf7 59. Qxh5+ Ke7 60. Qg5+ Kf7 61. Rxd5 Qe6+ 62. g4 Be7 63. Rf5+ Bf6 64. Qh5+ Kg7 65. Kg3 Rc1 66. Rd5 Qe1+ 67. Kg2 Qg1+ 68. Kh3 Qh1+ 69. Kg3 Rg1+ 70. Kf2 Qg2+ 71. Ke3 Re1+ 72. Kd3 Qe2# 0-1

[Event "*** Titled Tuesday Blitz"]
[Site "Chess.com"]
[Date "2020.05.19"]
[Round "2"]
[White "vova-79"]
[Black "Jenia84"]
[Result "0-1"]
[WhiteElo "2433"]
[BlackElo "2239"]
[TimeControl "180+1"]
[EndTime "12:19:20 PDT"]
[Termination "Jenia84 won on time"]

1. d4 Nf6 2. Nf3 b6 3. Bf4 Bb7 4. e3 e6 5. Be2 d5 6. Nbd2 Bd6 7.
Ne5 Nbd7 8. Ndf3 O-O 9. O-O Ne4 10. c4 f6 11. cxd5 exd5 12. Nd3 Qe7 13. Rc1 Rac8 14. Qa4 a5 15. Bxd6 Qxd6 16. Rc2 Ba6 17. Rfc1 Bxd3 18. Bxd3 c5 19. Bb5 Rfd8 20. Bxd7 Qxd7 21. Qxd7 Rxd7 22.
dxc5 bxc5 23. Nd2 Nxd2 24. Rxd2 Kf7 25. Kf1 Ke6 26. Ke2 Rb7 27. Rcd1 Rd7 28. e4 d4 29. b3 Ra7 30. Rc1 Rcc7 31. Rc4 Kd6 32. f4 a4 33.
bxa4 Re7 34. Kf3 Ra5 35. Rb2 Ra6 36. Rb5 Rc7 37. Rb8 Rca7 38. Rd8+ Ke7 39. Rc8 Rxa4 40.
R8xc5 Rxc4 41. Rxc4 Rxa2 42. Rxd4 Ra3+ 43. Kg4 Ra2 44. Kf3 Ke6 45. h3 g5 46. fxg5 fxg5 47. Rd5 h6 48. Rb5 Kf6 49. g3 Ra3+ 50. Kg4 Re3 51.
Rb6+ Kg7 52. h4 gxh4 0-1

[Event "*** Titled Tuesday Blitz"]
[Site "Chess.com"]
[Date "2020.05.19"]
[Round "2"]
[White "MathiasWomacka"]
[Black "2008king"]
[Result "1-0"]
[WhiteElo "2384"]
[BlackElo "2053"]
[TimeControl "180+1"]
[EndTime "12:19:21 PDT"]
[Termination "MathiasWomacka won by checkmate"]

1. e4 e5 2. Nf3 Nc6 3. Bc4 Bc5 4. O-O Nf6 5. d3 d6 6. c3 a6 7. Bb3 Ba7 8. Nbd2 h6 9. Re1 Be6 10. Bxe6 fxe6 11. Qb3 Qc8 12. Nf1 O-O 13. Be3 Qd7 14.
Bxa7 Rxa7 15. d4 exd4 16. cxd4 d5 17. Ng3 b5 18. e5 Ne4 19. Nxe4 dxe4 20. Rxe4 Ne7 21.
Ne1 c5 22. dxc5 Nd5 23. Qg3 Rc7 24. Nd3 Qf7 25. h4 Ne7 26. Rae1 Nf5 27. Qg4 Rd7 28.
Nf4 Rd2 29. R4e2 Rfd8 30. Rxd2 Rxd2 31. g3 Nd4 32. Rd1 Ne2+ 33. Qxe2 Rxe2 34. Nxe2 Qc7 35. Rc1 Qxe5 36. c6 Qc7 37. Nd4 e5 38. Ne6 Qc8 39. c7 Kf7 40. Nd8+ Ke7 41. b4 e4 42. Nb7 Kd7 43.
Nc5+ Ke7 44. Nxe4 Ke6 45. Rc5 Ke7 46. Nc3 Kd6 47. Nd5 Qg4 48. c8=Q Qd1+ 49. Kg2 Qd2 50.
Qc7+ Ke6 51. Qe7+ Kf5 52. Ne3+ Kg6 53. Qe6+ Kh7 54. Qf5+ g6 55. Qf7+ Kh8 56. Rc8+ Qd8 57. Rxd8# 1-0

[Event "*** Titled Tuesday Blitz"]
[Site "Chess.com"]
[Date "2020.05.19"]
[Round "2"]
[White "Infernal_XaM"]
[Black "Machidon"]
[Result "0-1"]
[WhiteElo "2836"]
[BlackElo "2560"]
[TimeControl "180+1"]
[EndTime "12:19:22 PDT"]
[Termination "Machidon won by resignation"]

1. Nf3 c6 2. e4 d5 3. d3 dxe4 4.
dxe4 Qxd1+ 5. Kxd1 Bg4 6. Nd2 e6 7. h3 Bxf3+ 8. Nxf3 Nd7 9. Bd3 Ngf6 10. e5 Nd5 11. c4 Nb4 12. Bb1 O-O-O 13. Ke2 h6 14. a3 Na6 15. b4 Be7 16. Be3 Kc7 17. Bd3 c5 18. b5 Nab8 19. Rhd1 a5 20. a4 b6 21. Rd2 Nf8 22. h4 Ng6 23. h5 Nh4 24.
Ne1 g6 25. hxg6 fxg6 26. Rad1 Nf5 27. Bxf5 gxf5 28. Rxd8 Bxd8 29. Rd6 Re8 30. Bxh6 Nd7 31.
Bf4 Nf8 32. Nd3 Ng6 33. g3 Nf8 34. Bd2 Be7 35. Rc6+ Kb7 36. Nf4 Bg5 37. Nh5 Bxd2 38. Kxd2 Rd8+ 39. Rd6 Rxd6+ 40. exd6 Kc8 41. Nf6 Nd7 42.
Nxd7 Kxd7 43. Ke3 e5 44. f3 Kxd6 45. g4 Ke6 46. Kf2 Kf6 47. gxf5 Kxf5 48. Ke3 Kf6 49. f4 Kf5 50. Kd3 Kxf4 0-1

[Event "*** Titled Tuesday Blitz"]
[Site "Chess.com"]
[Date "2020.05.19"]
[Round "2"]
[White "ninullia"]
[Black "Juanovic"]
[Result "1-0"]
[WhiteElo "2414"]
[BlackElo "2163"]
[TimeControl "180+1"]
[EndTime "12:19:22 PDT"]
[Termination "ninullia won by resignation"]

1. d4 d5 2. c4 c6 3. cxd5 cxd5 4. Bf4 Nc6 5. Nc3 a6 6. e3 g6 7. Bd3 Bg7 8. Nf3 Nf6 9. h3 O-O 10. O-O b5 11. Rc1 Bb7 12. Qe2 Rc8 13. Ne5 Nxe5 14.
Bxe5 e6 15. a4 b4 16. Nb1 a5 17. Nd2 Nd7 18. Bxg7 Kxg7 19. Nb3 Bc6 20. Bb5 Qb6 21. Bxc6 Rxc6 22. Qb5 Rfc8 23. Rxc6 Rxc6 24. Qxb6 Nxb6 25. Nc5 e5 26. b3 Nc8 27. Rb1 Ne7 28. Nb7 exd4 29.
exd4 Ra6 30. g4 h5 31. Rc1 hxg4 32. hxg4 Rc6 33. Re1 Re6 34. Rxe6 fxe6 35. Nxa5 Kf6 36. Kf1 Kg5 37. Ke2 Kxg4 38. Nb7 Nc6 39. Kd3 Kf4 40.
a5 Kf3 41. a6 Kxf2 42. Nd8 Nxd8 43. a7 Nf7 44. a8=Q Nd6 45. Qf8+ Nf5 46. Qd6 Ne3 47. Qf8+ Nf5 48. Qxb4 g5 49. Qd2+ Kf3 50. Qxg5 Ng3 51. Qe3+ Kg4 52. Qxe6+ Nf5 53. Qxd5 Kf4 54. Qe5+ Kg5 55. d5 Kg6 56. d6 Nxd6 57. Qxd6+ 1-0